 Dungeon Crawl Stone Soup version 0.21-a0-536-gdbbf329 (webtiles) character file.

83643 Amnesiac the Earth Mage (level 15, -7/92 HPs)
             Began as a Deep Elf Earth Elementalist on Dec 14, 2017.
             Was the Champion of Sif Muna.
             Killed from afar by a tengu reaver (46 damage)
             ... with a fireball
             ... on level 2 of the Depths.
             The game lasted 00:51:40 (17220 turns).

Amnesiac the Earth Mage (DEEE)                     Turns: 17220, Time: 00:51:41

Health: -7/92      AC: 11    Str:  8    XL:     15   Next: 32%
Magic:  2/39       EV: 16    Int: 27    God:    Sif Muna [******]
Gold:   819        SH:  0    Dex: 15    Spells: 16/51 levels left

rFire    . . .     SeeInvis .   E - staff of conjuration
rCold    . . .     Gourm    .   (no shield)
rNeg     . . .     Faith    .   p - +2 robe {Archmagi}
rPois    +         Spirit   .   (helmet restricted)
rElec    .         Reflect  .   L - +1 cloak {rPois}
rCorr    .         Harm     .   A - +2 pair of gloves {Str+3}
MR       +....                  (no boots)
Stlth    ++........             n - amulet of magic regeneration
HPRegen  0.25/turn              i - +2 ring of protection
MPRegen  0.51/turn              m - ring of wizardry

@: very slightly contaminated, divine energy
A: antennae 2, robust 1
a: Stop Divine Energy, Channel Magic, Forget Spell, Renounce Religion


You were on level 2 of the Depths.
You worshipped Sif Muna.
Sif Muna was exalted by your worship.
You were not hungry.

You visited 3 branches of the dungeon, and saw 18 of its levels.
You also visited: Sewer.

You collected 1075 gold pieces.
You spent 256 gold pieces at shops.

Inventory:

Hand Weapons
 G - a +2 whip of electrocution
Missiles
 b - 449 stones (quivered)
 x - 2 throwing nets
Armour
 p - a +2 robe of the Archmagi (worn)
 A - a +2 pair of gloves of strength (worn)
 K - a +0 helmet of see invisible
 L - a +1 cloak of poison resistance (worn)
Magical Staves
 E - an uncursed staff of conjuration (weapon)
Jewellery
 i - a +2 ring of protection (left hand)
 m - a ring of wizardry (right hand)
 n - an amulet of magic regeneration (around neck)
 o - an uncursed ring of poison resistance
 w - an uncursed ring of protection from fire
Wands
 f - a wand of polymorph (12)
 s - a wand of enslavement (56)
 y - a wand of paralysis (45)
 C - a wand of disintegration (12)
 J - a wand of scattershot (8)
Scrolls
 g - 8 scrolls of remove curse {!r}
 h - 4 scrolls of fog {!r}
 j - a scroll of magic mapping {!r}
 q - 4 scrolls of teleportation {!r}
 t - a scroll of amnesia {!r}
 B - 4 scrolls of identify {!r}
 I - 2 scrolls of blinking {!r}
 N - 3 scrolls of enchant weapon {!r}
Potions
 a - a potion of mutation {!q}
 c - 3 potions of cancellation {!q}
 e - 2 potions of heal wounds {!q}
 l - 5 potions of might {!q}
 r - 2 potions of agility {!q}
 u - 2 potions of curing {!q}
 z - a potion of flight {!q}
 H - 3 potions of resistance {!q}
 M - a potion of brilliance {!q}
Comestibles
 d - 10 bread rations
 v - 8 fruits
 D - 5 meat rations
 F - 2 chunks of flesh


   Skills:
 - Level 6.0 Fighting
 - Level 6.0 Dodging
 - Level 2.4 Stealth
 + Level 18.7 Spellcasting
 - Level 3.0 Conjurations
 - Level 3.1 Transmutations
 - Level 20.0 Earth Magic
 * Level 8.5 Invocations


You had 16 spell levels left.
You knew the following spells:

 Your Spells              Type           Power        Failure   Level  Hunger
a - Iron Shot             Conj/Erth      ########..   1%          6    ##.....
b - Passwall              Tmut/Erth      #######...   0%          2    None
c - Sandblast             Erth           ######       0%          1    None
d - Lee's Rapid Deconstr  Erth           ########..   0%          5    None
e - Petrify               Tmut/Erth      #######.     1%          4    None
f - Stone Arrow           Conj/Erth      ######       1%          3    None
g - Bolt of Magma         Conj/Fire/Erth ########..   1%          5    None
h - Shatter               Erth           ########..   13%         9    #######


Dungeon Overview and Level Annotations

Branches:
Dungeon (15/15)            Temple (1/1) D:5            Lair (0/6) D:8
    Orc (0/2) D:11         Vaults (0/5) D:14         Depths (2/5) D:15

Altars:
Ashenzari
Cheibriados
Dithmenos
Elyvilon
Fedhas
Gozag
Hepliaklqana
Kikubaaqudgha
Makhleb
Nemelex Xobeh
Okawaru
Qazlal
Ru
Sif Muna
Trog
Uskayaw
Vehumet
Wu Jian
Xom
Yredelemnul
Zin
The Shining One
Beogh

Shops:
D:6 [   D:7 :(%[   D:14 *

Portals:
Hell: Depths:1
Trove: D:15 (give horn of Geryon)


Innate Abilities, Weirdness & Mutations

You have a pair of antennae on your head.
You are robust. (+10% HP)


Message History

A hell knight comes into view.
It is wielding a demon trident of piercing.
You hear a bellow!
You hear a shout!
The hell knight mumbles some strange words.
The hell knight blinks!
The hell knight casts a spell at you. The puff of flame hits you!
Things that are here:
a dagger of pain; a robe
Casting: Shatter
Confirm with . or Enter, or press ? or * to list all spells.
You feel a surge of power!
The dungeon rumbles!
You kill the hell knight!
Sif Muna accepts your kill.
You kill the hell knight!
Sif Muna accepts your kill.
Ka-crash!
You are starving!
Sif Muna grants you divine energy.
You briefly lose access to your magic!
You hear a shout! x4; You hear a bellow!
You hear a shout! x4
You hear an angry buzzing noise.
Eating one of 4 chunks of flesh.
You eat one of the 4 chunks of flesh.
This raw flesh tastes terrible.
You are feeling very hungry.
Your magical contamination has completely faded away.
Eating one of 3 chunks of flesh.
You eat one of the 3 chunks of flesh.
This raw flesh tastes terrible.
You start resting.
You regain access to your magic.
You start resting.
An eye of devastation comes into view.
An eye of devastation is nearby!
An elephant and a tengu reaver come into view.
The elephant trumpets!
Casting: Shatter
Confirm with . or Enter, or press ? or * to list all spells.
Aiming: Iron Shot
Press: ? - help, Shift-Dir - straight line, f - elephant
Aim: an elephant You feel a strong surge of power!
The iron shot hits the elephant.
The elephant is severely wounded.
Casting: Iron Shot
Confirm with . or Enter, or press ? or * to list all spells.
Aiming: Iron Shot
Press: ? - help, Shift-Dir - straight line, f/p - elephant
Aim: an elephant (severely wounded)
You feel a strong surge of power!
The iron shot hits the elephant.
You kill the elephant!
Sif Muna accepts your kill. Sif Muna grants you divine energy.
You briefly lose access to your magic!
The tengu reaver casts a spell at you. The bolt of magma hits you!
* * * LOW HITPOINT WARNING * * *
Really read
I - 3 scrolls of blinking {!r}?
Blink to where?
Press: ? - help, Dir - move target cursor You are very lightly contaminated with residual magic.
As you read the scroll of blinking {!r}, it crumbles to dust.
You regain access to your magic.
The tengu reaver gestures at you while chanting.
The fireball explodes!
The fireball engulfs you!
Ouch! That really hurt!
You die...

#.................. ##..
##............#.... #...
##......[..#....)#
##...##
##.§...[.##......
#.....####..Q[.[.# ..#..
##......#.(..[....# #...
#.............[[..## ###
##.......##....[..[.#
#...≈....(@........##
...≈≈.(................
..≈≈≈..................
.≈≈≈≈.......#...........
............#.........##
........##..#......##.#
####..###.#.##...### ##
### #### ####


You could see a tengu reaver.

Vanquished Creatures
  Rupert (D:14)
  Asterion (Depths:1)
  Frances (D:12)
  A frost giant (Depths:1)
  2 stone giants
  A vampire knight (Depths:2)
  Azrael (D:15)
  A spark wasp (Depths:2)
  The ghost of Amnesiac the Earth Mage, a journeyman DEEE of Sif Muna (D:13)
  The ghost of graki42 the Eclecticist, a journeyman DEFE of Vehumet (D:12)
  3 fire dragons
  A great orb of eyes (Depths:2)
  2 rakshasas
  Erolcha (D:11)
  2 ice dragons
  A vault guard (D:15)
  2 hydras
  4 centaur warriors
  13 two-headed ogres
  An ogre mage (Depths:1)
  2 tengu warriors
  2 deep troll shamans (Depths:1)
  A deep troll earth mage (Depths:1)
  3 death yaks
  Urug (D:14)
  Sonja (D:11)
  3 iron trolls (Depths:1)
  11 hell knights (Depths:2)
  6 deep trolls (Depths:1)
  A wizard (Depths:1)
  A deep elf archer (D:14)
  A glowing orange brain (D:15)
  2 deep elf magi
  Pikel (D:6)
  5 necromancers (Depths:2)
  The ghost of teukkam the Thaumaturge, a novice GnWn of Sif Muna (D:10)
  A cyclops (D:12)
  An oklob plant (D:10)
  2 ugly things
  An elephant (shapeshifter) (Depths:2)
  2 centaur zombies
  2 gargoyles
  A guardian serpent (shapeshifter) (Depths:2)
  4 centaur skeletons
  5 spectral swamp worms (Depths:1)
  3 kobold demonologists (D:15)
  2 komodo dragons
  2 hornets
  5 trolls
  18 slime creatures
  2 hippogriffs
  A meliai zombie (D:13)
  The ghost of p0werm0de the Insei, an amateur OpSk (D:4)
  A shadow (D:12)
  2 vampires (D:13)
  A spriggan (D:8)
  20 yaks
  A wyvern (shapeshifter) (D:15)
  A steam dragon (D:7)
  3 fire elementals (D:15)
  A wyvern (D:15)
  3 hungry ghosts
  16 humans (D:14)
  3 vampire mosquitoes (D:13)
  A swamp worm (shapeshifter) (Depths:2)
  2 acid dragons
  Menkaure (D:4)
  3 hell hounds (D:15)
  A black bear (D:8)
  Purgy (Sewer)
  3 hornet zombies
  7 orc warriors
  2 sky beasts
  4 slaves (D:7)
  3 phantoms
  5 ice beasts
  A necrophage (D:9)
  2 eyes of draining (D:12)
  6 ogres
  13 centaurs
  5 big kobolds
  A centaur (shapeshifter) (D:15)
  11 bullfrogs
  2 wyvern zombies
  A water moccasin skeleton (D:8)
  5 scorpions
  10 killer bees
  A wight (D:7)
  11 howler monkeys
  4 crimson imps
  A quasit (D:6)
  A bullfrog zombie (D:8)
  A gnoll shaman (D:6)
  8 orc priests
  6 hounds
  4 jellies
  Crazy Yiuf (D:7)
  2 bullfrog skeletons (D:7)
  14 orc wizards
  4 iguanas
  9 worker ants
  A hound skeleton (D:7)
  A howler monkey zombie (D:11)
  7 gnolls (D:6)
  A howler monkey skeleton (D:10)
  13 adders
  A river rat (D:4)
  3 shadow imps
  7 oozes
  An ooze (shapeshifter) (D:15)
  An adder skeleton (D:7)
  A worm (D:2)
  2 dart slugs
  9 leopard geckos
  55 orcs
  11 bats
  9 giant cockroaches
  5 goblins
  5 hobgoblins
  7 jackals
  29 kobolds
  3 quokkas
  2 ball pythons
  A ball python skeleton (D:4)
  6 frilled lizards
  A quokka skeleton (D:7)
  A quokka zombie (D:9)
  4 rats
  A bush (D:10)
  3 plants (D:10)
536 creatures vanquished.

Vanquished Creatures (others)
  A centaur zombie (D:15)
  8 fungi (D:7)
9 creatures vanquished.

Grand Total: 545 creatures vanquished

Notes
Turn   | Place    | Note
-------+----------+-------------------------------------------
     0 | D:1      | Amnesiac the Deep Elf Earth Elementalist began the quest for the Orb.
     0 | D:1      | Reached XP level 1. HP: 10/10 MP: 6/6
   197 | D:1      | Reached skill level 1 in Fighting
   232 | D:1      | Reached XP level 2. HP: 14/16 MP: 6/8
   236 | D:1      | Learned a level 2 spell: Passwall
   410 | D:1      | Reached XP level 3. HP: 21/21 MP: 5/9
   415 | D:1      | Learned a level 3 spell: Stone Arrow
   743 | D:2      | Reached XP level 4. HP: 25/27 MP: 0/10
  1323 | D:2      | Found a shadowy altar of Dithmenos.
  1385 | D:2      | Found a faded altar of an unknown god.
  1487 | D:3      | Noticed an ice beast
  1689 | D:3      | Reached XP level 5. HP: 28/32 MP: 4/12
  2037 | D:3      | Found a hazy altar of Hepliaklqana.
  2054 | D:3      | Killed an ice beast
  2196 | D:3      | Reached XP level 6. HP: 38/38 MP: 5/13
  2243 | D:3      | Reached skill level 4 in Earth Magic
  2536 | D:4      | Noticed Menkaure
  2542 | D:4      | Killed Menkaure
  2646 | D:4      | Found a glowing drain.
  2655 | Sewer    | Entered a sewer
  2661 | Sewer    | Learned a level 4 spell: Petrify
  2711 | Sewer    | Noticed Purgy
  2716 | Sewer    | Killed Purgy
  2716 | Sewer    | Reached XP level 7. HP: 43/44 MP: 0/15
  2905 | D:4      | Noticed p0werm0de's ghost (amateur OpSk)
  2934 | D:4      | Killed p0werm0de's ghost
  2934 | D:4      | Reached skill level 5 in Fighting
  2934 | D:4      | Reached skill level 5 in Dodging
  2934 | D:4      | Reached skill level 5 in Earth Magic
  3405 | D:5      | Entered Level 5 of the Dungeon
  3427 | D:5      | Reached XP level 8. HP: 50/50 MP: 5/17
  3756 | D:5      | Found a burning altar of Makhleb.
  3820 | D:5      | Found a staircase to the Ecumenical Temple.
  3858 | D:5      | Found an opulent altar of Gozag.
  3881 | Temple   | Entered the Ecumenical Temple
  4173 | D:5      | Found a deep blue altar of Sif Muna.
  4174 | D:5      | Found an ancient bone altar of Kikubaaqudgha.
  4178 | D:5      | Became a worshipper of Sif Muna the Loreminder
  4302 | D:6      | Reached skill level 5 in Spellcasting
  4656 | D:6      | Learned a level 5 spell: Lee's Rapid Deconstruction
  4807 | D:6      | Reached skill level 6 in Earth Magic
  4997 | D:6      | Found Garhoej's Antique Armour Shop.
  5009 | D:6      | Bought a shiny helmet for 202 gold pieces
  5330 | D:7      | Noticed Pikel
  5346 | D:6      | Killed Pikel
  5346 | D:6      | Reached * piety under Sif Muna
  5346 | D:6      | Reached skill level 7 in Earth Magic
  5346 | D:6      | Reached XP level 9. HP: 55/55 MP: 0/22
  5435 | D:7      | Reached skill level 8 in Earth Magic
  5436 | D:7      | Found Ycwy Ewo's Armour Shop.
  5461 | D:7      | Bought a +0 cloak for 54 gold pieces
  5484 | D:7      | Found Semmugg's Food Boutique.
  5587 | D:7      | Reached ** piety under Sif Muna
  5593 | D:7      | Found Fiprughe's Antique Weapon Shoppe.
  5693 | D:7      | Reached skill level 9 in Earth Magic
  5774 | D:7      | Found the +7 Singing Sword
  5803 | D:7      | Found Zaxzoxzots's Book Shop.
  5829 | D:7      | Found a radiant altar of Vehumet.
  5980 | D:7      | Found a runed door.
  6132 | D:7      | Noticed Crazy Yiuf
  6133 | D:7      | Killed Crazy Yiuf
  6206 | D:8      | Found a shimmering altar of Xom.
  6226 | D:8      | Noticed a death yak
  6398 | D:8      | Found a staircase to the Lair.
  6672 | D:8      | Noticed a death yak
  6801 | D:8      | Noticed a death yak
  6818 | D:8      | Killed a death yak
  6818 | D:8      | Reached *** piety under Sif Muna
  6818 | D:8      | Reached skill level 10 in Earth Magic
  6818 | D:8      | Reached XP level 10. HP: 46/60 MP: 5/25
  6911 | D:7      | Killed a death yak
  6911 | D:7      | Reached skill level 10 in Spellcasting
  6911 | D:7      | Reached skill level 11 in Earth Magic
  7110 | D:8      | Found a shimmering altar of Xom.
  7229 | D:8      | Reached **** piety under Sif Muna
  7251 | D:8      | Reached skill level 12 in Earth Magic
  7276 | D:8      | Killed a death yak
  7544 | D:8      | Found a shimmering altar of Xom.
  7544 | D:8      | Found a shimmering altar of Xom.
  7545 | D:8      | Found a shimmering altar of Xom.
  7639 | D:8      | Found a sacrificial altar of Ru.
  8017 | D:9      | Reached XP level 11. HP: 64/64 MP: 18/28
  8450 | D:10     | Entered Level 10 of the Dungeon
  8463 | D:10     | Reached ***** piety under Sif Muna
  8463 | D:10     | Reached skill level 13 in Earth Magic
  8612 | D:10     | Identified Sif Muna's Almanac of Arcane Weapons (Sif Muna gifted it to you on level 10 of the Dungeon)
  8612 | D:10     | Received a gift from Sif Muna
  8621 | D:10     | Learned a level 6 spell: Iron Shot
  8742 | D:10     | Found a blossoming altar of Fedhas.
  8757 | D:10     | Noticed an oklob plant
  8783 | D:10     | Killed an oklob plant
  8908 | D:10     | Noticed teukkam's ghost (novice GnWn)
  8912 | D:10     | Killed teukkam's ghost
  8912 | D:10     | Reached skill level 1 in Conjurations
  9544 | D:11     | Noticed Erolcha
  9547 | D:11     | Killed Erolcha
  9714 | D:11     | Noticed Sonja
  9715 | D:11     | Killed Sonja
  9780 | D:11     | Found a staircase to the Orcish Mines.
  9866 | D:11     | Found a roughly hewn altar of Beogh.
  9932 | D:11     | Reached skill level 14 in Earth Magic
  9959 | D:11     | Noticed a brown ugly thing
  9970 | D:11     | Killed a brown ugly thing
  9976 | D:11     | Gained mutation: You are robust. (+10% HP) [mutagenic meat]
  9977 | D:11     | Gained mutation: Scrolls take you a little longer to read. [mutagenic meat]
  9978 | D:11     | Gained mutation: You are dopey. (Int -2) [mutagenic meat]
  9979 | D:11     | Gained mutation: You are partially covered in thin metallic scales. (AC +2) [mutagenic meat]
  9999 | D:11     | Lost mutation: You are dopey. (Int -2) [potion of mutation]
  9999 | D:11     | Lost mutation: Scrolls take you a little longer to read. [potion of mutation]
  9999 | D:11     | Lost mutation: You are partially covered in thin metallic scales. (AC +2) [potion of mutation]
  9999 | D:11     | Lost mutation: You are robust. (+10% HP) [potion of mutation]
  9999 | D:11     | Gained mutation: You have a pair of small antennae on your head. [potion of mutation]
  9999 | D:11     | Gained mutation: You have a pair of antennae on your head. [potion of mutation]
  9999 | D:11     | Gained mutation: You are robust. (+10% HP) [potion of mutation]
 10790 | D:12     | Noticed graki42's ghost (journeyman DEFE)
 10793 | D:12     | Killed graki42's ghost
 10865 | D:12     | Identified Imoqywn's Volume of Ensnaring Earth (Sif Muna gifted it to you on level 12 of the Dungeon)
 10865 | D:12     | Received a gift from Sif Muna
 11023 | D:12     | Reached XP level 12. HP: 77/77 MP: 7/31
 11113 | D:12     | Reached skill level 15 in Earth Magic
 11409 | D:12     | Noticed Frances
 11416 | D:12     | Killed Frances
 11929 | D:12     | Learned a level 5 spell: Bolt of Magma
 11945 | D:12     | Learned a level 9 spell: Shatter
 12005 | D:13     | Noticed a seven-headed hydra
 12008 | D:13     | Killed a seven-headed hydra
 12008 | D:13     | Reached skill level 16 in Earth Magic
 12129 | D:13     | Noticed Amnesiac's ghost (journeyman DEEE)
 12186 | D:13     | Noticed a centaur warrior
 12227 | D:13     | Killed a centaur warrior
 12227 | D:13     | Received a gift from Sif Muna
 12908 | D:13     | Killed Amnesiac's ghost
 13348 | D:14     | Reached XP level 13. HP: 58/81 MP: 4/33
 13381 | D:14     | Reached skill level 15 in Spellcasting
 13389 | D:14     | Reached skill level 17 in Earth Magic
 13457 | D:14     | Noticed Urug
 13471 | D:14     | Killed Urug
 13483 | D:14     | Found a gate to the Vaults.
 13492 | D:14     | Noticed Rupert
 13514 | D:14     | Killed Rupert
 13974 | D:14     | Got a heavily runed plate armour
 13989 | D:14     | Found Opureyfoe's Changing Room.
 14003 | D:14     | Received a gift from Sif Muna
 14063 | D:14     | Reached skill level 18 in Earth Magic
 14192 | D:15     | Entered Level 15 of the Dungeon
 14403 | D:15     | Found a portal to a secret trove of treasure.
 15204 | D:15     | Found a staircase to the Depths.
 15255 | D:15     | Noticed Azrael
 15259 | D:15     | Killed Azrael
 15259 | D:15     | Reached XP level 14. HP: 73/88 MP: 15/36
 15493 | Depths:1 | Entered Level 1 of the Depths
 15514 | Depths:1 | Reached skill level 19 in Earth Magic
 15514 | Depths:1 | Identified Sif Muna's Almanac of the Entourage and Self-Improvement (Sif Muna gifted it to you on level 1 of the Depths)
 15514 | Depths:1 | Received a gift from Sif Muna
 15701 | Depths:1 | Found a gateway to Hell.
 15714 | Depths:1 | Noticed a frost giant
 15731 | Depths:1 | Killed a frost giant
 15871 | Depths:1 | Reached skill level 1 in Invocations
 15976 | Depths:1 | Noticed Asterion
 15981 | Depths:1 | Noticed an Executioner
 15981 | Depths:1 | Killed Asterion
 16252 | Depths:1 | Reached skill level 20 in Earth Magic
 16428 | Depths:1 | Noticed a stone giant
 16431 | Depths:1 | Killed a stone giant
 16701 | Depths:2 | Reached skill level 5 in Invocations
 16705 | Depths:2 | Reached ****** piety under Sif Muna
 16706 | Depths:2 | Identified Xajuoxos's Disquisition on Nocuous Combat Magic (Sif Muna gifted it to you on level 2 of the Depths)
 16706 | Depths:2 | Received a gift from Sif Muna
 16864 | Depths:2 | Noticed a stone giant
 16878 | Depths:2 | Killed a stone giant
 16878 | Depths:2 | Reached XP level 15. HP: 73/92 MP: 12/39
 17161 | Depths:2 | Paralysed by a vampire knight for 5 turns
 17214 | Depths:2 | Noticed a tengu reaver
 17220 | Depths:2 | Killed from afar by a tengu reaver

Vault maps used:
D:1:      minmay_arrival_four_loops
D:2:      grunt_dithmenos_smoke_and_mirrors, chequers_ecumenical_altar_lobes,
          serial_park_tiny_2
D:3:      lemuel_round_altar
D:4:      cheibrodos_thug_alley, gup_sewer_entry_bowl, first_bread,
          uniq_menkaure
D:5:      makhleb_grotto_becter, nicolae_gozag_cash_rules_everything_around_me,
          gammafunk_temple_overflow_statue, minmay_temple_entry_trees
D:6:      serial_shops, shop, nicolae_lava_and_water
D:7:      old_forge, basic_altar, serial_shops, nicolae_shop_behind_doors,
          nicolae_shop_stone, shop, nicolae_shop_stone,
          kennysheep_generic_room_13, uniq_pikel, uniq_crazy_yiuf_cottage
D:8:      xom_redecorated, lemuel_coloured_pillars_altar, dpeg_lair_monsters,
          the_bakery
D:10:     tgw_fedhas
D:11:     minmay_orc_entry_temple_small, uniq_sonja, uniq_erolcha
D:12:     uniq_frances
D:14:     david_vaults_3, nicolae_transmutations_shop
D:15:     gammafunk_enter_depths_forms, solitary_fountain, enter_trove_5,
          uniq_azrael
Temple:   minmay_temple_curvy_branch
Depths:1: pf_hell_entry_tar_river, grunt_decor_fettered,
          minmay_misc_feat_hallway, kennysheep_generic_room_5, uniq_asterion
Depths:2: evilmike_iron_armoury, rand_demon_pan_entry_8, hell_entry,
          abyss_entry, infiniplex_staircase_zigzag_2
Sewer:    kennysheep_door_sewer

Skill      XL: |  1  2  3  4  5  6  7  8  9 10 11 12 13 14 15 |
---------------+----------------------------------------------+-----
Fighting       | 1 2 3 4 5 6 |  6.0
Dodging        | 3 4 5 6 |  6.0
Spellcasting   | 4 7 9 11 13 14 16 18 | 18.7
Earth Magic    | 4 5 7 10 12 14 16 18 20 | 20.0
Conjurations   | 3 |  3.0
Transmutations | 3 |  3.1
Invocations    | 6 8 |  8.5
Stealth        | |  2.4

Action                   |  1- 3 |  4- 6 |  7- 9 | 10-12 | 13-15 || total
-------------------------+-------+-------+-------+-------+-------++-------
Melee: Dagger            |     9 |    30 |    21 |       |       ||    60
       Staff             |       |       |     1 |    20 |     8 ||    29
       Whip              |       |       |       |       |     2 ||     2
 Cast: Sandblast         |    29 |       |     5 |       |     1 ||    35
       Passwall          |     1 |       |       |       |       ||     1
       Stone Arrow       |     3 |   104 |   179 |   108 |       ||   394
       Petrify           |       |       |     1 |     6 |     3 ||    10
       Lee's Rapid Decon |       |       |       |    41 |    36 ||    77
       Iron Shot         |       |       |       |   145 |   152 ||   297
       Shatter           |       |       |       |       |    13 ||    13
Invok: Divine Energy     |       |       |     1 |       |       ||     1
  Use: Scroll            |       |     7 |     8 |     2 |     4 ||    21
       Potion            |       |       |       |    15 |     7 ||    22
 Stab: Sleeping          |     2 |       |     1 |       |       ||     3
  Eat: Chunk             |       |    16 |    15 |    49 |    19 ||    99
       Royal jelly       |       |       |       |     1 |     1 ||     2
       Fruit             |       |       |       |     6 |     3 ||     9
       Bread ration      |       |       |       |     1 |       ||     1
       Meat ration       |       |       |       |       |     3 ||     3
Armor: Robe              |     5 |    70 |    15 |    24 |    18 ||   132
Dodge: Dodged            |    20 |   141 |    57 |   105 |    46 ||   369

Table legend:
 A = Spawn XP
 B = Non-spawn XP
 C = Spawn XP percentage of total XP
 D = Spawn monster count
 E = Non-spawn monster count
 F = Spawn count percentage of total count
 G = Total turns spent on level
                    A         B        C        D         E        F      G
               +---------+---------+-------+---------+---------+-------+---------
         Total |       0 |  119491 |   0.0 |       0 |     528 |   0.0 | 17220
               +---------+---------+-------+---------+---------+-------+---------
           D:1 |       0 |      44 |   0.0 |       0 |      15 |   0.0 |   676
           D:2 |       0 |      99 |   0.0 |       0 |      29 |   0.0 |   935
           D:3 |       0 |     351 |   0.0 |       0 |      34 |   0.0 |   831
           D:4 |       0 |     638 |   0.0 |       0 |      24 |   0.0 |   783
           D:5 |       0 |     233 |   0.0 |       0 |       8 |   0.0 |   907
           D:6 |       0 |    1506 |   0.0 |       0 |      28 |   0.0 |   837
           D:7 |       0 |    2393 |   0.0 |       0 |      32 |   0.0 |  1207
           D:8 |       0 |    4457 |   0.0 |       0 |      39 |   0.0 |  1121
           D:9 |       0 |    1361 |   0.0 |       0 |      22 |   0.0 |   745
          D:10 |       0 |    3028 |   0.0 |       0 |      24 |   0.0 |  1062
          D:11 |       0 |    4406 |   0.0 |       0 |      33 |   0.0 |  1161
          D:12 |       0 |   10632 |   0.0 |       0 |      53 |   0.0 |  1396
          D:13 |       0 |    7869 |   0.0 |       0 |      32 |   0.0 |  1181
          D:14 |       0 |   14786 |   0.0 |       0 |      43 |   0.0 |   942
          D:15 |       0 |   14370 |   0.0 |       0 |      39 |   0.0 |  1301
      Depths:1 |       0 |   28582 |   0.0 |       0 |      37 |   0.0 |  1344
      Depths:2 |       0 |   24592 |   0.0 |       0 |      30 |   0.0 |   383
         Sewer |       0 |     144 |   0.0 |       0 |       6 |   0.0 |   180
               +---------+---------+-------+---------+---------+-------+---------
